 Dungeon Crawl Stone Soup version 0.31-a0-150-g89dc3ad700 (webtiles) character file.

Game seed: 10779134463028915696

107 qw the Shooter (level 4, -2/28 HPs)
             Began as a Gargoyle Hunter on June 8, 2023.
             Slain by Terence
             ... wielding a +1 trident of venom
              (10 damage)
             ... on level 2 of the Dungeon.
             The game lasted 00:00:33 (1318 turns).

qw the Shooter (Gargoyle Hunter)                    Turns: 1318, Time: 00:00:33

Health: -2/28      AC:  6    Str: 15    XL:     4   Next: 86%
Magic:  4/4        EV: 11    Int:  9    God:
Gold:   75         SH:  0    Dex: 15    Spells: 3/3 levels left

rFire   . . .        Y - +0 shortbow
rCold   . . .        (shield currently unavailable)
rNeg    + . .        c - +0 leather armour
rPois   inf          (no helmet)
rElec   +            (no cloak)
rCorr   .            (no gloves)
SInv    .            (no boots)
Will    .....        (no amulet)
Stlth   ++           (no ring)
HPRegen 0.24/turn    (no ring)
MPRegen 0.09/turn

%: no passive effects
@: no status effects
A: sickness immunity, AC +3, negative energy resistance 1, electricity
resistance, torment resistance 1, petrification resistance
a: no special abilities


You were on level 2 of the Dungeon.
You visited 1 branch of the dungeon, and saw 2 of its levels.

You collected 75 gold pieces.


Innate Abilities, Weirdness & Mutations

You are immune to sickness and miasma.
Your stone body is resilient. (AC +3)
You are immune to poison.
You resist negative energy. (rN+)
You are resistant to electric shocks. (rElec)
You are resistant to unholy torment.
You are immune to petrification.


   Skills:
 - Level 3.0 Fighting
 + Level 5.7 Ranged Weapons
 - Level 1.5 Dodging
 - Level 1.1 Stealth


You had 3 spell levels left.
You didn't know any spells.
Your spell library was empty.

Inventory:

Hand Weapons
 Y - a +0 shortbow (weapon)
Armour
 c - a +0 leather armour (worn)
Jewellery
 g - an amulet of guardian spirit
 i - a ring of positive energy
Scrolls
 a - a scroll of identify {unknown}
 d - a scroll of noise {unknown}
 h - a scroll of poison {unknown}
Potions
 b - a potion of curing {unknown}
 e - a potion of magic {unknown}
 f - a potion of attraction {unknown}
 k - a potion of mutation {unknown}

Dungeon Overview and Level Annotations

Branches:
Dungeon (2/15)

Altars:

Shops:
D:2 =

Annotations:
D:2 Terence


Message History

Enter note:
Enter note:
Enter note:
Enter note:
Enter note:
i - a ring of positive energy You now have 75 gold pieces (gained 5).
Terence the Incautious comes into view.
He is wielding a +1 trident of venom.
Enter note:
Enter note:
Enter note:
Enter note:
Enter note:
Enter note: You shoot an arrow.
The arrow hits Terence!
Terence shouts!
Terence is heavily wounded.
You shoot an arrow. The arrow hits Terence.
Terence is heavily wounded.
You shoot an arrow.
The arrow hits Terence but does no damage.
Terence is heavily wounded.
Terence hits you from afar with a +1 trident of venom!
Terence hits you from afar with a +1 trident of venom.
Enter note:
Enter note:
Enter note:
Enter note:
Enter note:
Enter note:
1316 ||| UPGRADING to amulet of guardian spirit.
You start putting on your amulet.
You continue putting on your amulet of guardian spirit.
Terence completely misses you.
You continue putting on your amulet of guardian spirit.
Terence hits you from afar with a +1 trident of venom!
Keep equipping yourself?
You continue putting on your amulet of guardian spirit.
Terence hits you from afar with a +1 trident of venom!
You die...

#.# #.#
#.# #.#
#.# #.#
#.##
#.#.##
#.###@#
#.#
##$@.....
##
#######


You could see Terence.

Vanquished Creatures
  Natasha (D:2)
  2 adders (D:2)
  A worm (D:2)
  3 dart slugs
  8 endoplasms
  3 giant cockroaches
  7 goblins
  3 hobgoblins (D:1)
  2 jackals (D:2)
  4 kobolds
  A quokka (D:1)
  6 ball pythons
  5 bats
  2 frilled lizards
  5 rats
53 creatures vanquished.

Notes
Turn   | Place    | Note
-------+----------+-------------------------------------------
     0 | D:1      | qw the Gargoyle Hunter began the quest for the Orb.
     0 | D:1      | Reached XP level 1. HP: 12/12 MP: 1/1
     0 | D:1      | 0 ||| qw: Version: 0.2-a-119-g7aa9181
     0 | D:1      | 0 ||| qw: Game counter: 2932
     0 | D:1      | 0 ||| qw: Always use a shield: true
     0 | D:1      | 0 ||| qw: God list: Okawaru
     0 | D:1      | 0 ||| qw: Allow faded altars: false
     0 | D:1      | 0 ||| qw: Do Orc after D:15 true
     0 | D:1      | 0 ||| qw: Do second Lair branch before Depths: true
     0 | D:1      | 0 ||| qw: Lair rune preference: random
     0 | D:1      | 0 ||| qw: Plans: Normal
     0 | D:1      | 0 ||| PLANNING D:1-11
    86 | D:1      | Reached XP level 2. HP: 16/17 MP: 2/2
   398 | D:1      | Reached XP level 3. HP: 21/21 MP: 3/3
   497 | D:1      | Reached skill level 5 in Ranged Weapons
   787 | D:1      | 787 ||| READING scroll labelled ISIENK UTOW.
   788 | D:1      | 788 ||| READING scroll labelled BYXUPEAZUE.
   794 | D:1      | 794 ||| READING scroll labelled OJUACK YNYNT.
   795 | D:1      | 795 ||| READING scroll labelled FAESKEJAS.
   796 | D:1      | 796 ||| READING scroll labelled IWAICR ZOENE.
   797 | D:1      | 797 ||| DROPPING scroll of butterflies.
   905 | D:2      | Reached skill level 3 in Fighting
   936 | D:2      | 936 ||| FLEEEEING.
   971 | D:2      | Found Ceuhuisur's Jewellery Emporium.
   979 | D:2      | 979 ||| SHOPLISTING +4 ring of protection (504 gold, have
                  | 61).
   979 | D:2      | 979 ||| SHOPLISTING +6 ring of dexterity (504 gold, have
                  | 61).
   979 | D:2      | 979 ||| SHOPLISTING amulet of regeneration (420 gold, have
                  | 61).
   979 | D:2      | 979 ||| SHOPLISTING amulet of the acrobat (420 gold, have
                  | 61).
   979 | D:2      | 979 ||| SHOPLISTING ring of positive energy (280 gold, have
                  | 61).
   979 | D:2      | 979 ||| SHOPLISTING ring of protection from cold (350 gold,
                  | have 61).
   979 | D:2      | 979 ||| SHOPLISTING ring of the Final Decision {Ice rCorr}
                  | (526 gold, have 61).
   991 | D:2      | Reached XP level 4. HP: 28/28 MP: 4/4
  1062 | D:2      | Noticed Natasha
  1072 | D:2      | HP: 3/28 [Natasha (6)]
  1074 | D:2      | Killed Natasha
  1282 | D:2      | Found a faded altar of an unknown god.
  1312 | D:2      | Noticed Terence
  1316 | D:2      | 1316 ||| UPGRADING to amulet of guardian spirit.
  1317 | D:2      | HP: 7/28 [Terence/+1 trident of venom (7)]
  1318 | D:2      | Slain by Terence

Levels and vault maps discovered:
D:1:      wheals_arrival_linesprint, layout_loops_ring, minmay_heptomino_l4
D:2:      layout_loops_ring, chequers_ecumenical_altar_simple, serial_shops,
          shop, uniq_natasha, uniq_terence

Skill      XL: |  1  2  3 |
---------------+----------+-----
Ranged Weapons | 5 |  5.7
Fighting       | 3 |  3.0
Dodging        | |  1.5
Stealth        | |  1.1

Action                     |  1- 3 |  4- 6 || total
---------------------------+-------+-------++-------
   Fire: Shortbow          |   103 |    27 ||   130
    Use: Scroll            |     5 |       ||     5
 Armour: Leather armour    |     7 |     6 ||    13
  Dodge: Dodged            |    11 |     7 ||    18

Table legend:
 A = Non-vault XP
 B = Vault XP
 C = Vault XP percentage of total XP
 D = Non-vault monster count
 E = Vault monster count
 F = Vault count percentage of total count
                 A         B        C        D         E       F
            +---------+---------+-------+---------+---------+-------
      Total |     110 |      44 |  28.6 |      48 |       5 |   9.4
            +---------+---------+-------+---------+---------+-------
        D:1 |      47 |       7 |  13.0 |      26 |       4 |  13.3
        D:2 |      63 |      37 |  37.0 |      22 |       1 |   4.3
            +---------+---------+-------+---------+---------+-------
